 Dungeon Crawl Stone Soup version 0.17-a0-18-gc25b939 (console) character file.

347 Monkaria the Chopper (level 6, -8/53 HPs)
             Began as a Hill Orc Gladiator on Mar 12, 2015.
             Mangled by a seven-headed hydra (13 damage)
             ... on level 5 of the Dungeon.
             The game lasted 00:07:36 (4714 turns).

Monkaria the Chopper (Hill Orc Gladiator)           Turns: 4714, Time: 00:07:37

Health: -8/53      AC:  6    Str: 23    XL:     6   Next: 59%
Magic:  6/6        EV: 11    Int:  8    God:
Gold:   208        SH:  4    Dex: 12    Spells: 0 memorised, 5 levels left

rFire  . . .     SeeInvis +     a - +0 war axe
rCold  . . .     Clarity  .     b - +0 leather armour
rNeg   . . .     SustAb   .     z - +0 buckler of Midio {Str+4}
rPois  .         Gourm    .     c - +0 helmet
rElec  .         Spirit   .     (no cloak)
rCorr  .         Warding  .     (no gloves)
rMut   .         Stasis   .     (no boots)
MR     .....                    (no amulet)
Stlth  +.........               w - +2 ring of protection
                                j - ring of see invisible

@: very slightly contaminated, heavily drained, invisible, not resistant to
hostile enchantments, very unstealthy
A: no striking features
a: no special abilities


You were on level 5 of the Dungeon.
You were hungry.

You visited 2 branches of the dungeon, and saw 6 of its levels.

You collected 208 gold pieces.

Inventory:

Hand weapons
 a - a +0 war axe (weapon)
Missiles
 d - 3 throwing nets (quivered)
 k - 8 poisoned needles
Armour
 b - a +0 leather armour (worn)
 c - a +0 helmet (worn)
 z - the +0 buckler of Midio (worn) {Str+4}
   (You found it on level 4 of the Dungeon)

   It affects your strength (+4).
Magical staves
 u - an uncursed staff of earth
Jewellery
 j - a ring of see invisible (left hand)
 w - a +2 ring of protection (right hand)
Scrolls
 g - a scroll of enchant armour {unknown}
 h - 2 scrolls of blinking {unknown}
 i - a scroll of fear {unknown}
 l - 2 scrolls of random uselessness {unknown}
 m - 2 scrolls of remove curse {unknown}
 n - 3 scrolls of teleportation {unknown}
 o - a scroll of magic mapping {unknown}
 r - a scroll of immolation {unknown}
 y - 4 scrolls of identify {unknown}
Potions
 e - 2 potions of haste {unknown}
 p - 2 potions of heal wounds
 s - 3 potions of curing {unknown}
 t - 2 potions of lignification {unknown}
Comestibles
 f - 4 meat rations
 q - 2 bread rations


   Skills:
 - Level 4.4(3.2) Fighting
 - Level 7.3(6.0) Axes
 - Level 2.0(0.8) Throwing
 - Level 2.4(1.2) Dodging
 + Level 3.2(2.0) Shields


You had 5 spell levels left.
You didn't know any spells.

Dungeon Overview and Level Annotations

Branches:
Dungeon (5/15)             Temple (1/1) D:4

Altars:
Fedhas
Gozag
Kikubaaqudgha
Makhleb
Nemelex Xobeh
Qazlal
Ru
Vehumet
Yredelemnul
Zin

Shops:
D:4 (((


Message History

Drink which item? (? for menu, Esc to quit)
Okay, then.
Press: ? - help, v - describe, . - travel
Here: a seven-headed hydra (lightly wounded)
The floor.
Drink which item? (? for menu, Esc to quit)
You fade into invisibility!
The seven-headed hydra bites you!
The seven-headed hydra bites you but does no damage.
The seven-headed hydra bites you!
* * * LOW HITPOINT WARNING * * *
The seven-headed hydra barely misses you.
The seven-headed hydra bites you!
* * * LOW HITPOINT WARNING * * *
The seven-headed hydra closely misses you.
The seven-headed hydra bites you.
* * * LOW HITPOINT WARNING * * *
You are very lightly contaminated with residual magic.
The seven-headed hydra bites you!
You die...

....<.....'....#.###
#####...#..#.#....
#...##........
#.<.##[...≈≈##
#####...##..≈##≈≈#
#....>..##..#≈≈#≈≈
#.########.##≈≈≈≈≈
#.# #.≈≈#≈≈≈# #@#
#.#≈≈≈≈≈≈ #D#
##.##≈#≈≈# #o#
#..÷#≈≈≈≈≈
#########.#
#...#≈#≈≈#
..........##
#.....##≈#
#########..#
#......... #''#
#....##### ♣..♣
##..(. .. ♣..♣
##+#.# #


You could see a seven-headed hydra and an orc.

Vanquished Creatures
  A phantom (D:5)
  A goliath beetle (D:4)
  A worker ant (D:4)
  Ijyb (D:4)
  6 gnolls
  3 adders
  A giant mite (D:4)
  2 worms (D:3)
  An adder skeleton (D:4)
  A giant gecko (D:3)
  2 oozes
  2 orcs
  A bat skeleton (D:4)
  5 giant cockroaches (D:3)
  5 hobgoblins
  5 kobolds
  12 bats
  4 giant newts
  10 goblins
  A quokka (D:2)
  10 rats
75 creatures vanquished.

Notes
Turn   | Place    | Note
--------------------------------------------------------------
     0 | D:1      | Monkaria, the Hill Orc Gladiator, began the quest for the Orb.
     0 | D:1      | Reached XP level 1. HP: 18/18 MP: 1/1
   356 | D:1      | Reached XP level 2. HP: 25/25 MP: 2/2
   796 | D:2      | Reached skill level 5 in Axes
   796 | D:2      | Reached XP level 3. HP: 25/31 MP: 3/3
   806 | D:2      | HP: 1/31 [gnoll (6)]
  1373 | D:2      | Reached XP level 4. HP: 30/38 MP: 4/4
  2073 | D:3      | Reached skill level 6 in Axes
  2183 | D:3      | Reached XP level 5. HP: 24/46 MP: 5/5
  2531 | D:3      | Found a sacrificial altar of Ru.
  2708 | D:4      | Found a sacrificial altar of Ru.
  2889 | D:4      | Found a radiant altar of Vehumet.
  2921 | D:4      | Found a staircase to the Ecumenical Temple.
  2922 | D:4      | Found Khofeu's Weapon Shoppe.
  2964 | Temple   | Entered the Ecumenical Temple
  3106 | D:4      | Reached skill level 7 in Axes
  3126 | D:4      | Found Cipotaom's Weapon Boutique.
  3164 | D:4      | Noticed Ijyb
  3180 | D:4      | Killed Ijyb
  3211 | D:4      | Found an opulent altar of Gozag.
  3212 | D:4      | Found a glowing silver altar of Zin.
  3403 | D:4      | Found a stormy altar of Qazlal.
  3447 | D:4      | Got a shimmering buckler
  3453 | D:4      | Identified the +0 buckler of Midio {Str+4} (You found it on level 4 of the Dungeon)
  3482 | D:4      | Found Uloez's Antique Weapon Shop.
  4124 | D:4      | Reached skill level 1 in Shields
  4124 | D:4      | Reached XP level 6. HP: 23/53 MP: 6/6
  4419 | D:5      | Entered Level 5 of the Dungeon
  4699 | D:5      | Noticed a five-headed hydra
  4714 | D:5      | Mangled by a seven-headed hydra

Action                   |  1- 3 |  4- 6 || total
-------------------------+-------+-------++-------
Melee: War axe           |    87 |   201 ||   288
  Use: Potion            |     2 |     2 ||     4
  Eat: Chunk             |     1 |     9 ||    10
       Beef jerky        |       |     1 ||     1
